 Dungeon Crawl Stone Soup version 0.30-a0-177-g1cb5dbfd7a (webtiles) character file.

Game seed: 11702136242705677299

28442 porpoise the Brawler (level 13, -9/135 HPs)
             Began as a Troll Chaos Knight on Oct 2, 2022.
             Was a Plaything of Xom.
             Mangled by a death yak (15 damage)
             ... on level 1 of the Lair of Beasts.
             The game lasted 00:40:03 (10240 turns).

porpoise the Brawler (Troll Chaos Knight)          Turns: 10240, Time: 00:40:05

Health: -9/135     AC:  6    Str: 21    XL:     13   Next: 9%
Magic:  12/12      EV: 10    Int:  8    God:    Xom [......]
Gold:   969        SH: 14    Dex: 13    Spells: 12/12 levels left

rFire   + . .      SeeInvis +      - Unarmed
rCold   + + .      Faith    .    U - +1 kite shield {rC+}
rNeg    + . .      Spirit   .    Q - +0 troll leather armour
rPois   .          Reflect  .    (helmet restricted)
rElec   .          Harm     .    a - scarf {rC+ rF+}
rCorr   .          Rampage  .    (gloves unavailable)
Will    .....      Clarity  +    (boots unavailable)
Stlth   +.........               (no amulet)
HPRegen 2.02/turn                e - ring of positive energy
MPRegen 0.13/turn                x - ring of see invisible

@: hasted, studying 2 skills, unable to read, very quick
A: large, unfitting armour, claws 3, regeneration 1, shaggy fur 1, tough skin 1,
horns 1, large bone plates 1, clarity, weak 1, inability to read after injury 1,
MP-powered wands
a: Renounce Religion


You were on level 1 of the Lair of Beasts.
You worshipped Xom.
You were a very special plaything of Xom.
You visited 2 branches of the dungeon, and saw 12 of its levels.
You also visited: Ice Cave.

You collected 969 gold pieces.

Inventory:

Hand Weapons
 b - a +1 dagger of chaos
 s - a +6 vorpal spear
 w - a +0 giant spiked club
 V - a +2 vorpal shortbow
 W - the +8 mithril axe "Arga" {speed, Will+}
   (You acquired it on level 6 of the Dungeon)

   Attacks with this weapon are significantly faster.
   Will:      It increases your willpower.
 Z - the +7 great sword "Geixuwk" {freeze, Dex+4}
   (You found it in an ice cave)

   It freezes those it strikes, dealing additional cold damage.
   It can also slow down cold-blooded creatures.
   Dex:       It affects your dexterity (+4).
Missiles
 c - 8 poisoned darts (quivered)
 n - 4 datura-tipped darts
 o - 9 curare-tipped darts
 A - 2 boomerangs
 M - a throwing net
Armour
 a - a scarf of resistance (worn)
 z - a +2 robe
 D - a +0 kite shield
 I - +0 steam dragon scales
 J - the +3 hat of Pondering {ponderous, Will+ MP+10 Int+5}
   (You took it off Gastronok on level 8 of the Dungeon)

   Int:       It affects your intelligence (+5).
   MP:        It affects your magic capacity (+10).
   Will:      It increases your willpower.
 Q - a +0 troll leather armour (worn)
 U - a +1 kite shield of cold resistance (worn)
 X - +0 ice dragon scales
Magical Staves
 Y - a staff of poison
Jewellery
 e - a ring of positive energy (left claw)
 x - a ring of see invisible (right claw)
 R - a ring of positive energy
Wands
 h - a wand of paralysis (18)
 r - a wand of flame (32)
 C - a wand of iceblast (16)
 G - a wand of mindburst (22)
Scrolls
 g - a scroll of brand weapon
 i - a scroll of noise
 j - 8 scrolls of amnesia
 l - 2 scrolls of torment
 q - 5 scrolls of magic mapping
 t - 5 scrolls of teleportation
 y - a scroll of fear
 B - 2 scrolls of blinking
 E - a scroll of immolation
 F - 2 scrolls of enchant weapon {unknown}
 L - 3 scrolls of identify
 N - a scroll of poison
 T - a scroll of vulnerability {unknown}
Potions
 d - 2 potions of berserk rage
 k - 5 potions of flight
 m - 6 potions of lignification
 p - 4 potions of brilliance
 u - 3 potions of mutation
 v - 2 potions of curing
 H - a potion of ambrosia {unknown}
 K - a potion of magic {unknown}
 O - a potion of haste
 P - a potion of attraction {unknown}
Miscellaneous
 S - a piece from Xom's chessboard (15/15)


   Skills:
 * Level 10.7 Fighting
 - Level 2.8 Throwing
 - Level 5.0 Armour
 + Level 6.0 Dodging
 - Level 7.0 Shields
 + Level 15.1 Unarmed Combat


You had 12 spell levels left.
You didn't know any spells.
Your spell library contained the following spells:

 Spells                   Type           Power      Damage    Failure   Level
 Beastly Appendage        Tmut           0%         N/A       71%         1
 Static Discharge         Conj/Air       0%         2-2/arc   83%         2
 Wereblood                Tmut           0%         N/A       83%         2
 Spider Form              Tmut/Pois      0%         N/A       97%         3
 Leda's Liquefaction      Hex/Erth       0%         N/A       100%        4
 Arcjolt                  Conj/Air       0%         1d10      100%        5
 Lee's Rapid Deconstruct  Erth           0%         3d5*      100%        5
 Lightning Bolt           Conj/Air       0%         1d11      100%        5
 Statue Form              Tmut/Erth      0%         N/A       100%        6
 Maxwell's Capacitive Co  Air            0%         ∞         100%        8


Dungeon Overview and Level Annotations

Branches:
Dungeon (11/15)            Temple (0/1) D:6            Lair (1/5) D:8
    Orc (0/2) D:9           IceCv (visited)

Altars:
Ashenzari
Fedhas
Hepliaklqana
Kikubaaqudgha
Makhleb
Qazlal
Sif Muna
Trog
Vehumet
Wu Jian
Xom
Yredelemnul

Shops:
D:9 (

Annotations:
D:9 1 runed translucent door


Innate Abilities, Weirdness & Mutations

You are too large for most types of armour.
You have claws for hands.
Your natural rate of healing is unusually fast.
You are covered in fur. (AC +1)
You have tough skin. (AC +1)
You have a pair of small horns on your head.
You are partially covered in large bone plates. (SH +4)
You possess an exceptional clarity of mind.
You are weak. (Str -2)
You occasionally lose the ability to read scrolls when taking damage.
You expend magic power (3 MP) to strengthen your wands.


Message History

You block the death yak's attack.
You barely miss the death yak.
The death yak is lightly wounded.
You block the death yak's attack. The death yak gores you!
* * * LOW HITPOINT WARNING * * *
Your ufetubus barely misses the death yak.
Your ufetubus hits the death yak.
You swap places.
You can read scrolls again.
You feel sick.
Your shadow imp completely misses the death yak.
Your crimson imp hits the death yak.
Your ufetubus hits the death yak.
Your ufetubus completely misses the death yak.
Your iron imp barely misses the death yak.
The death yak gores you.
* * * LOW HITPOINT WARNING * * *
The death yak gores your shadow imp!
Your shadow imp dies!
Your shadow imp disappears in a puff of smoke!
You see here a water moccasin corpse.
You feel better.
Your ufetubus hits the death yak.
Your ufetubus hits the death yak but does no damage.
Your white imp hits the death yak but does no damage.
Your crimson imp hits the death yak but does no damage.
Your crimson imp barely misses the death yak.
Your iron imp hits the death yak but does no damage.
The death yak gores you!!
You feel threatened and lose the ability to read scrolls!
* * * LOW HITPOINT WARNING * * *
Your ufetubus hits the death yak but does no damage.
Your ufetubus barely misses the death yak.
Unknown command.
You feel yourself speed up.
Your white imp hits the death yak but does no damage.
Your crimson imp hits the death yak but does no damage.
Your ufetubus barely misses the death yak.
Your ufetubus hits the death yak but does no damage.
The death yak gores you!
You die...
Xom guffaws!

....?..## .......
..... ...# #..##
#..### #...# #..#.#.
###...# #.....
#.##.###Y#..## #....
.......@Y55.#### #..#
.......555...#.###..#
##########..........#
#..........#
#..#..#P#..#
##...#####..## #P(.##
#...# #####....#
#...#
.........#####..##


You could see 2 death yaks, a friendly iron imp (summoned), 2 friendly crimson
imps, a friendly white imp (summoned) and a friendly ufetubus (summoned).

Vanquished Creatures
  Gastronok (D:8)
  A frost giant (IceCv)
  A centaur warrior (D:11)
  9 death yaks
  A swamp dragon (IceCv)
  Pikel (D:4)
  A cane toad (Lair:1)
  Joseph (D:7)
  An ice statue (IceCv)
  A komodo dragon (D:8)
  7 polar bears
  A troll (D:10)
  32 yaks
  A wraith (D:10)
  4 wyverns
  Eustachio (D:6)
  2 basilisks
  A steam dragon (D:8)
  Edmund (D:5)
  3 water moccasins
  2 orc warriors
  3 ice beasts
  A sky beast (D:8)
  6 black bears
  2 ogres (D:4)
  20 wolves (IceCv)
  2 centaurs
  2 lemures (D:4)
  2 phantoms
  3 kobold brigands
  12 bullfrogs
  3 necrophages
  A gnoll sergeant (D:9)
  4 scorpions
  5 wights (D:7)
  17 killer bees
  6 howler monkeys
  4 crimson imps (D:10)
  6 jellies
  3 hounds
  2 gnoll boudas
  9 orc priests
  Natasha (thrice) (D:4)
  2 iguanas
  13 orc wizards
  Robin (D:2)
  10 gnolls
  10 adders
  2 shadow imps
  2 white imps
  A worm (D:3)
  2 dart slugs
  37 orcs
  4 bats (D:1)
  8 endoplasms
  A giant cockroach (D:1)
  6 hobgoblins
  7 jackals
  2 quokkas (D:4)
  9 ball pythons
  4 frilled lizards
  19 goblins
  23 kobolds
  8 rats
360 creatures vanquished.

Vanquished Creatures (collateral kills)
  A two-headed ogre (D:11)
  3 skeletal warriors (D:11)
  2 ice devils (D:11)
  A wraith (D:11)
  3 yaks (D:11)
  A hobgoblin (D:4)
  A kobold (D:4)
12 creatures vanquished.

Vanquished Creatures (others)
  3 yaks (D:10)
  43 fungi
  54 plants (D:8)
100 creatures vanquished.

Grand Total: 472 creatures vanquished

Notes
Turn   | Place    | Note
-------+----------+-------------------------------------------
     0 | D:1      | porpoise the Troll Chaos Knight began the quest for the
                  | Orb.
     0 | D:1      | Reached XP level 1. HP: 22/22 MP: 0/0
   251 | D:1      | XOM: silly message
   261 | D:1      | XOM: silly message
   265 | D:1      | Reached XP level 2. HP: 27/29 MP: 1/1
   277 | D:1      | XOM: divination: detect creatures
   317 | D:1      | XOM: silly message
   318 | D:1      | Gained mutation: You are partially covered in iridescent
                  | scales. (AC +2) [potion of mutation]
   318 | D:1      | Gained mutation: You possess an exceptional clarity of
                  | mind. [potion of mutation]
   318 | D:1      | Gained mutation: You are dopey. (Int -2) [potion of
                  | mutation]
   318 | D:1      | Gained mutation: You expend magic power (3 MP) to
                  | strengthen your wands. [potion of mutation]
   913 | D:1      | XOM: god gift: robe {god gift}
   969 | D:2      | Reached skill level 4 in Unarmed Combat
   969 | D:2      | Reached XP level 3. HP: 36/36 MP: 2/2
  1024 | D:2      | XOM: god gift: runed leather armour {god gift}
  1316 | D:2      | Reached XP level 4. HP: 45/45 MP: 3/3
  1353 | D:2      | XOM: summons 3 hostile demons
  1600 | D:2      | Noticed Robin
  1638 | D:2      | Killed Robin
  1639 | D:2      | Reached skill level 5 in Unarmed Combat
  1639 | D:2      | Reached XP level 5. HP: 12/53 MP: 4/4
  1666 | D:2      | XOM: give mutations
  1666 | D:2      | Gained mutation: You are agile. (Dex +4, Str/Int -1) [Xom's
                  | grace]
  1666 | D:2      | Gained mutation: You are partially covered in large bone
                  | plates. (SH +4) [Xom's grace]
  2041 | D:3      | XOM: god gift: potion of lignification
  2212 | D:3      | Found an ornate altar of the Wu Jian Council.
  2316 | D:3      | XOM: divination: detect items
  2839 | D:4      | Noticed Grinder
  2841 | D:4      | Paralysed by Grinder for 5 turns
  2847 | D:4      | Grinder changed into Grinder the lemure
  2847 | D:4      | Noticed Grinder
  2847 | D:4      | XOM: polymorph Grinder -> Grinder the lemure
  2851 | D:4      | XOM: enchant monster (good)
  2852 | D:4      | XOM: summons 5 friendly demons
  2854 | D:4      | Killed Grinder the lemure
  2855 | D:4      | Reached skill level 6 in Unarmed Combat
  2855 | D:4      | Reached XP level 6. HP: 55/62 MP: 5/5
  2914 | D:4      | Found a shimmering blue altar of Sif Muna.
  2914 | D:4      | Noticed Pikel
  2914 | D:4      | XOM: 7-stop teleportation journey
  2956 | D:4      | Noticed Natasha
  2962 | D:4      | Killed Natasha
  2977 | D:4      | XOM: noise
  2982 | D:4      | XOM: divination: detect items
  2987 | D:4      | Killed Pikel
  2988 | D:4      | Reached skill level 7 in Unarmed Combat
  2988 | D:4      | Reached XP level 7. HP: 49/71 MP: 6/6
  2992 | D:4      | XOM: noise
  2994 | D:4      | Reached skill level 8 in Unarmed Combat
  3055 | D:4      | Reached skill level 5 in Fighting
  3055 | D:4      | Reached XP level 8. HP: 80/80 MP: 7/7
  3323 | D:4      | XOM: blink monster(s)
  3439 | D:4      | XOM: cloud trail
  3521 | D:4      | XOM is BORED!
  3533 | D:4      | XOM: summons friendly quasit
  3623 | D:4      | Noticed Natasha
  3628 | D:4      | Killed Natasha
  3800 | D:4      | Noticed Natasha
  3804 | D:4      | Killed Natasha
  3805 | D:4      | Reached skill level 9 in Unarmed Combat
  3827 | D:5      | Entered Level 5 of the Dungeon
  3827 | D:5      | Noticed Edmund
  3828 | D:5      | XOM: potion effect (might)
  3836 | D:5      | Killed Edmund
  3866 | D:5      | XOM: confuse monster(s)
  3882 | D:5      | XOM: 1-stop teleportation journey
  4080 | D:5      | XOM: noise
  4138 | D:5      | XOM: enchant monster (good)
  4140 | D:5      | Reached skill level 10 in Unarmed Combat
  4187 | D:5      | Reached skill level 1 in Throwing
  4187 | D:5      | Reached XP level 9. HP: 87/89 MP: 8/8
  4299 | D:5      | Found a broken altar of Ashenzari.
  4385 | D:5      | Found a stormy altar of Qazlal.
  4643 | D:6      | Noticed Eustachio
  4658 | D:6      | XOM: blink monster(s)
  4665 | D:6      | Killed Eustachio
  4693 | D:6      | XOM: confuse monster(s)
  4846 | D:6      | Identified a scroll of acquirement
  4846 | D:6      | Acquired the +8 mithril axe "Arga" {speed, Will+}
  4846 | D:6      | Found the +8 mithril axe "Arga" {speed, Will+}
  5075 | D:6      | Found a staircase to the Ecumenical Temple.
  5084 | D:6      | Reached skill level 1 in Shields
  5414 | D:7      | Noticed Joseph
  5422 | D:7      | Killed Joseph
  5423 | D:7      | Reached skill level 11 in Unarmed Combat
  5508 | D:7      | Found a basalt altar of Yredelemnul.
  5513 | D:7      | XOM: noise
  5583 | D:7      | Reached XP level 10. HP: 94/102 MP: 9/9
  5749 | D:7      | Found an ancient bone altar of Kikubaaqudgha.
  5752 | D:7      | Found a blossoming altar of Fedhas.
  5803 | D:7      | XOM: god gift: scroll labelled BORHUS KAAH {god gift}
  5983 | D:8      | XOM: blink monster(s)
  6012 | D:8      | XOM: noise
  6027 | D:8      | Noticed Gastronok
  6032 | D:8      | XOM: enchant monster (good)
  6035 | D:8      | XOM: torment (20/102 hp)
  6038 | D:8      | XOM: swap monsters
  6274 | D:8      | XOM: 1-stop teleportation journey
  6314 | D:8      | Found a radiant altar of Vehumet.
  6372 | D:8      | Found a staircase to the Lair.
  6379 | D:8      | XOM: give mutation
  6379 | D:8      | Lost mutation: You expend magic power (3 MP) to strengthen
                  | your wands. [Xom's mischief]
  6541 | D:8      | XOM: summons 2 friendly demons
  6543 | D:8      | XOM: destruction
  6549 | D:8      | XOM: 3-stop teleportation journey
  6562 | D:8      | Killed Gastronok
  6563 | D:8      | Reached skill level 5 in Dodging
  6563 | D:8      | Reached skill level 5 in Shields
  6563 | D:8      | Reached skill level 12 in Unarmed Combat
  6573 | D:8      | XOM: give mutations
  6573 | D:8      | Gained mutation: You have a pair of small horns on your
                  | head. [Xom's grace]
  6573 | D:8      | Gained mutation: A frigid envelope surrounds you and
                  | freezes all who hurt you. [Xom's grace]
  6573 | D:8      | Gained mutation: You expend magic power (3 MP) to
                  | strengthen your wands. [Xom's grace]
  6871 | D:9      | XOM: smoke on damage
  6935 | D:9      | XOM: polymorph yak -> polar bear
  6946 | D:9      | Reached XP level 11. HP: 83/109 MP: 10/10
  6967 | D:9      | XOM: scenery: 1 doors close
  7118 | D:9      | Found a runed translucent door.
  7118 | D:9      | Found a burning altar of Makhleb.
  7118 | D:9      | Noticed a sixfirhy
  7130 | D:9      | XOM: give mutations
  7130 | D:9      | Lost mutation: You are dopey. (Int -2) [Xom's mischief]
  7130 | D:9      | Lost mutation: You are partially covered in iridescent
                  | scales. (AC +2) [Xom's mischief]
  7130 | D:9      | Lost mutation: You expend magic power (3 MP) to strengthen
                  | your wands. [Xom's mischief]
  7130 | D:9      | Gained mutation: Your body sometimes deteriorates upon
                  | taking damage. [Xom's mischief]
  7172 | D:9      | Found a bloodstained altar of Trog.
  7185 | D:9      | Found Quywul's Antique Weapon Shoppe.
  7279 | D:9      | Found a hazy altar of Hepliaklqana.
  7393 | D:9      | Found a staircase to the Orcish Mines.
  7747 | D:10     | Entered Level 10 of the Dungeon
  7749 | D:10     | Identified the +6 leather armour "Qoveazibb" {Str+2 Int-2
                  | Stlth+}
  8030 | D:10     | XOM: blink monster(s)
  8204 | D:10     | XOM: divine lightning
  8286 | D:10     | Found a shimmering altar of Xom.
  8494 | D:10     | XOM: silly message
  8567 | D:11     | Lost mutation: You are agile. (Dex +4, Str/Int -1) [potion
                  | of mutation]
  8567 | D:11     | Lost mutation: A frigid envelope surrounds you and freezes
                  | all who hurt you. [potion of mutation]
  8567 | D:11     | Lost mutation: Your body sometimes deteriorates upon taking
                  | damage. [potion of mutation]
  8567 | D:11     | Gained mutation: You are weak. (Str -2) [potion of
                  | mutation]
  8567 | D:11     | Gained mutation: You expend magic power (3 MP) to
                  | strengthen your wands. [potion of mutation]
  8573 | D:11     | Noticed a centaur warrior
  8574 | D:11     | XOM: enchant monster (bad)
  8597 | D:11     | Killed a centaur warrior
  8598 | D:11     | Reached skill level 1 in Armour
  8598 | D:11     | Reached skill level 13 in Unarmed Combat
  8650 | D:11     | Noticed a two-headed ogre
  8652 | D:11     | Noticed a skeletal warrior
  8656 | D:11     | Killed a two-headed ogre
  8666 | D:11     | Killed a skeletal warrior
  8690 | D:11     | Noticed a skeletal warrior
  8696 | D:11     | Killed a skeletal warrior
  8699 | D:11     | Noticed a skeletal warrior
  8708 | D:11     | Killed a skeletal warrior
  8764 | D:11     | Found a frozen archway.
  8768 | D:11     | Reached XP level 12. HP: 122/122 MP: 11/11
  8769 | D:11     | XOM: smoke on damage
  8769 | D:11     | XOM: torment (69/122 hp)
  8819 | IceCv    | Entered an ice cave
  8988 | IceCv    | XOM: noise
  9041 | IceCv    | Noticed a death yak
  9041 | IceCv    | Noticed a death yak
  9048 | IceCv    | Noticed a death yak
  9053 | IceCv    | Killed a death yak
  9053 | IceCv    | XOM: smoke on damage
  9062 | IceCv    | Killed a death yak
  9069 | IceCv    | Killed a death yak
  9188 | IceCv    | XOM: noise
  9199 | IceCv    | XOM: cleaving
  9212 | IceCv    | XOM: summons 5 friendly demons
  9216 | IceCv    | Reached skill level 14 in Unarmed Combat
  9232 | IceCv    | XOM: stat loss: -1 Int (7/8)
  9281 | IceCv    | XOM: 1-stop teleportation journey
  9335 | IceCv    | XOM: give mutation
  9335 | IceCv    | Gained mutation: You occasionally lose the ability to read
                  | scrolls when taking damage. [Xom's mischief]
  9346 | IceCv    | Reached skill level 5 in Armour
  9380 | IceCv    | Noticed a death yak
  9391 | IceCv    | XOM: fog
  9397 | IceCv    | Killed a death yak
  9397 | IceCv    | XOM: polymorph yak -> swamp dragon
  9470 | IceCv    | Reached skill level 10 in Fighting
  9541 | IceCv    | Noticed a death yak
  9541 | IceCv    | Noticed a frost giant
  9541 | IceCv    | Noticed a death yak
  9564 | IceCv    | Killed a frost giant
  9577 | IceCv    | XOM: summons friendly quasit
  9581 | IceCv    | Killed a death yak
  9588 | IceCv    | XOM: summons 4 friendly demons
  9600 | IceCv    | Killed a death yak
  9647 | IceCv    | XOM: summons 1 hostile demon
  9683 | IceCv    | Identified the +7 great sword "Geixuwk" {freeze, Dex+4}
  9976 | Lair:1   | Entered Level 1 of the Lair of Beasts
  9987 | Lair:1   | XOM: silly message
 10009 | Lair:1   | XOM: 1-stop teleportation journey
 10176 | Lair:1   | Upgraded the game from 0.30-a0-172-gc5509c9e31 to
                  | 0.30-a0-177-g1cb5dbfd7a
 10176 | Lair:1   | Noticed a death yak
 10176 | Lair:1   | Noticed a death yak
 10191 | Lair:1   | Killed a death yak
 10192 | Lair:1   | Reached skill level 15 in Unarmed Combat
 10192 | Lair:1   | Reached XP level 13. HP: 135/135 MP: 12/12
 10236 | Lair:1   | XOM: summons 6 friendly demons
 10239 | Lair:1   | HP: 4/135 [death yak (22)]
 10240 | Lair:1   | Mangled by a death yak

Illustrated notes

Levels and vault maps discovered:
D:1:      lemuel_arrival_room, layout_loops_corners, corexii_leaking_fountain,
          minmay_misc_feat_nine_boxes, minmay_tromino_v4_c
D:2:      layout_rooms, dreamdust_princess_bridge,
          chequers_serial_rivers_small_b, minmay_snake_closets, uniq_robin
D:3:      minmay_chambers_of_twos, layout_loops_ring, general_overflow_altar,
          st_stairs_13
D:4:      cheibrodos_thug_alley, layout_loops_ring, led_sif_pool, uniq_pikel,
          uniq_grinder, uniq_natasha
D:5:      layout_rooms, nicolae_overflow_crystal_walls,
          mainiacjoe_overflow_alcove_1, kennysheep_another_room, uniq_edmund
D:6:      layout_loops_cross, minmay_temple_entry_glassed_door, uniq_eustachio
D:7:      layout_rooms, grunt_temple_overflow_growth_and_decay,
          lemuel_round_altar, uniq_joseph
D:8:      layout_cave_pools, vehumet_altar_wand_db, due_lair_maze_entry_diamond,
          uniq_gastronok
D:9:      layout_roguey, nzn_makhleb_speed_demon,
          mainiacjoe_overflow_small_starburst, mainiacjoe_overflow_24_doors,
          orc_0_dummy, serial_shops, nicolae_shop_statue_plus
D:10:     layout_cave_pools, led_xom_imps, minivault_25
D:11:     layout_irregular_city, portal_ice_cave_demonic_guard
Lair:1:   layout_small_grid, grunt_megastairs_1, serial_bayou_shore_b,
          infiniplex_staircase_pool_2, uniq_sonja

Skill      XL: |  1  2  3  4  5  6  7  8  9 10 11 12 13 |
---------------+----------------------------------------+-----
Unarmed Combat | 4 5 6 7 8 10 11 12 13 15 | 15.1
Fighting       | 3 4 5 6 7 8 10 | 10.7
Throwing       | 1 2 |  2.8
Shields        | 3 5 7 |  7.0
Dodging        | 2 5 6 |  6.0
Armour         | 3 5 |  5.0

Action                   |  1- 3 |  4- 6 |  7- 9 | 10-12 | 13-15 || total
-------------------------+-------+-------+-------+-------+-------++-------
Melee: Unarmed           |    84 |   172 |   253 |   553 |    21 ||  1083
       Punch             |     3 |     2 |     8 |       |       ||    13
       Giant spiked club |       |       |     7 |       |       ||     7
       Headbutt          |       |       |       |   110 |     6 ||   116
       Dagger            |       |       |       |    43 |       ||    43
  Use: Scroll            |     3 |     5 |     6 |     4 |       ||    18
       Potion            |     1 |     1 |     2 |     4 |     4 ||    12
 Stab: Confused          |       |       |     1 |       |       ||     1
       Sleeping          |       |       |     1 |       |       ||     1
       Distracted        |       |       |       |     1 |       ||     1
Armor: Robe              |    46 |    71 |    81 |    32 |       ||   230
       Steam dragon scal |       |       |       |    31 |       ||    31
       Troll leather arm |       |       |       |    49 |     2 ||    51
Dodge: Dodged            |    23 |    91 |   114 |   204 |     2 ||   434
Block: Other             |       |    13 |    32 |       |       ||    45
       Kite shield       |       |       |    42 |   396 |    18 ||   456

Table legend: (Time is in decaauts)
 A = Elapsed time spent in this place.
 B = Non-inter-level travel time spent in this place.
 C = Inter-level travel time spent in this place.
 D = Time resting spent in this place.
 E = Time spent auto-exploring this place.
 F = Levels seen in this place.
 G = Mean time per level.
                   A        B        C        D        E       F      G
               +--------+--------+--------+--------+--------+-----+--------+
         Total |  10140 |   9776 |    364 |   1579 |   5682 |  13 |  780.0 |
       Dungeon |   8840 |   8477 |    363 |   1336 |   5206 |  11 |  803.6 |
          Lair |    258 |    258 |      0 |     15 |    167 |   1 |  258.0 |
      Ice Cave |   1041 |   1041 |      0 |    228 |    308 |   1 | 1041.0 |
               +--------+--------+--------+--------+--------+-----+--------+

Top non-repeatable levels by time:
     D:4: 1103 daAuts
   IceCv: 1041 daAuts
     D:1: 956 daAuts
     D:9: 917 daAuts
     D:7: 890 daAuts
     D:2: 881 daAuts
    D:10: 880 daAuts
     D:3: 851 daAuts
     D:6: 811 daAuts
     D:8: 660 daAuts
     D:5: 622 daAuts
    D:11: 264 daAuts
  Lair:1: 258 daAuts
